 Dungeon Crawl Stone Soup version 0.31-a0-188-g5e087ee2ca (webtiles) character file.

Game seed: 7348211149707836700

92 qw the Shooter (level 4, 0/25 HPs)
             Began as a Deep Elf Hunter on June 23, 2023.
             Slain by a gnoll
             ... wielding a +0 spear
             ... led by a gnoll bouda
              (3 damage)
             ... on level 5 of the Dungeon.
             The game lasted 00:00:30 (1554 turns).

qw the Shooter (Deep Elf Hunter)                    Turns: 1554, Time: 00:00:31

Health: 0/25       AC: 10    Str: 10    XL:     4   Next: 35%
Magic:  0/6        EV: 11    Int: 14    God:
Gold:   109        SH:  0    Dex: 18    Spells: 3/3 levels left

rFire   . . .        Y - +0 shortbow
rCold   . . .        (shield currently unavailable)
rNeg    . . .        h - +0 ring mail
rPois   .            (no helmet)
rElec   .            (no cloak)
rCorr   .            f - +0 pair of gloves
SInv    .            (no boots)
Will    .....        g - amulet of guardian spirit
Stlth   +            b - +4 ring of protection
HPRegen 0.24/turn    (no ring)
MPRegen 0.10/turn

%: guardian spirit
@: about to teleport
A: no striking features
a: no special abilities


You were on level 5 of the Dungeon.
You visited 1 branch of the dungeon, and saw 4 of its levels.

You collected 109 gold pieces.


   Skills:
 - Level 1.5 Fighting
 + Level 7.8 Ranged Weapons
 - Level 2.4 Dodging
 - Level 1.2 Stealth


You had 3 spell levels left.
You didn't know any spells.
Your spell library was empty.

Inventory:

Hand Weapons
 Y - a +0 shortbow (weapon)
Armour
 f - a +0 pair of gloves (worn)
 h - a +0 ring mail (worn)
Jewellery
 b - a +4 ring of protection (left hand)
 g - an amulet of guardian spirit (around neck)
Potions
 d - a potion of enlightenment {unknown}
 e - a potion of curing {unknown}
 k - a potion of might {unknown}

Dungeon Overview and Level Annotations

Branches:
Dungeon (3/15)

Altars:
Ashenzari


Message History

You shoot an arrow. The arrow hits the gnoll.
The gnoll is lightly wounded.
You shoot an arrow.
The arrow hits the gnoll but does no damage.
The gnoll hits you but does no damage.
You shoot an arrow.
The arrow hits the gnoll but does no damage.
The gnoll is lightly wounded.
The gnoll hits you with a +0 spear!
You shoot an arrow. The arrow hits the gnoll.
The gnoll is heavily wounded.
You shoot an arrow. The arrow barely misses the gnoll.
The gnoll hits you but does no damage. The gnoll hits you with a +0 club.
The gnoll hits you with a +0 spear!
You shoot an arrow. The arrow hits the gnoll.
The gnoll is severely wounded.
The gnoll bouda gazes fiercely through you!
You feel your attacks grow feeble. The gnoll hits you with a +0 club.
The gnoll completely misses you.
You shoot an arrow.
The arrow hits the gnoll but does no damage.
The gnoll is severely wounded.
The gnoll hits you with a +0 spear.
You shoot an arrow. The arrow barely misses the gnoll.
The gnoll hits you but does no damage. The gnoll barely misses you.
The gnoll bouda hits you with a +0 club.
The gnoll hits you from afar with a +0 spear.
1552 ||| READING scroll of teleportation.
As you read the scroll of teleportation, it crumbles to dust.
You feel strangely unstable. The gnoll barely misses you.
The gnoll hits you from afar with a +0 spear.
You shoot an arrow. The arrow hits the gnoll.
The gnoll is almost dead.
The gnoll closely misses you. The gnoll bouda barely misses you.
The gnoll hits you from afar with a +0 spear.
You shoot an arrow. The arrow closely misses the gnoll.
Your attacks no longer feel as feeble.
The gnoll hits you with a +0 spear.
You die...

## ##. ##
######.. .
.......#
.###.#
##...##g....#
..#.gggg#
##.#@#g#.#
#.}.## gg
##.#.# .#
#.###.# g#
8.# }.# g}
#.# #.# . ##
#.# }.# ##


You could see a gnoll bouda and 4 gnolls.

Vanquished Creatures
  An orc priest (D:3)
  An orc wizard (D:3)
  An orc (D:3)
  2 bats
  6 endoplasms
  A giant cockroach (D:1)
  4 goblins
  3 hobgoblins (D:1)
  2 jackals (D:2)
  4 kobolds (D:1)
  2 quokkas (D:1)
  5 ball pythons
  A frilled lizard (D:2)
33 creatures vanquished.

Notes
Turn   | Place    | Note
-------+----------+-------------------------------------------
     0 | D:1      | qw the Deep Elf Hunter began the quest for the Orb.
     0 | D:1      | Reached XP level 1. HP: 12/12 MP: 3/3
     0 | D:1      | 0 ||| qw: Version: 0.3-a-9-g12657ce
     0 | D:1      | 0 ||| qw: Game counter: 3429
     0 | D:1      | 0 ||| qw: Always use a shield: true
     0 | D:1      | 0 ||| qw: God list: Okawaru
     0 | D:1      | 0 ||| qw: Allow faded altars: false
     0 | D:1      | 0 ||| qw: Do Orc after D:15 true
     0 | D:1      | 0 ||| qw: Do second Lair branch before Depths: true
     0 | D:1      | 0 ||| qw: Lair rune preference: random
     0 | D:1      | 0 ||| qw: Plans: Normal
     0 | D:1      | 0 ||| PLANNING D:1-11
    86 | D:1      | Reached skill level 6 in Ranged Weapons
    86 | D:1      | Reached XP level 2. HP: 16/16 MP: 4/4
   614 | D:1      | 614 ||| UPGRADING to +0 ring mail.
   624 | D:1      | 624 ||| DROPPING +0 leather armour.
   625 | D:1      | 625 ||| UPGRADING to amulet of guardian spirit.
   630 | D:1      | 630 ||| READING 2 scrolls labelled DOYSOLAR ARAE.
   634 | D:1      | 634 ||| READING scroll labelled COILAA HUURA.
   635 | D:1      | 635 ||| READING scroll labelled KEFOOH KIPHOEGU.
   636 | D:1      | 636 ||| READING scroll labelled INNOOF AXULESK.
   637 | D:1      | 637 ||| DROPPING scroll of butterflies.
   680 | D:2      | Reached XP level 3. HP: 20/20 MP: 5/5
  1421 | D:2      | 1421 ||| UPGRADING to +0 pair of gloves.
  1426 | D:2      | 1426 ||| UPGRADING to +4 ring of protection.
  1427 | D:2      | 1427 ||| READING scroll labelled COTOCL DAAPH.
  1428 | D:2      | 1428 ||| READING scroll labelled KOQANA LEEQAGU.
  1476 | D:3      | Reached skill level 7 in Ranged Weapons
  1483 | D:3      | Reached XP level 4. HP: 25/25 MP: 6/6
  1520 | D:3      | Found a broken altar of Ashenzari.
  1538 | D:3      | You fall into a shaft and drop 2 floors!
  1538 | D:5      | Entered Level 5 of the Dungeon
  1543 | D:5      | 1543 ||| Stepping ~*~*~tactically~*~*~ (outnumbered).
  1551 | D:5      | HP: 6/25 [gnoll/+0 spear[a gnoll bouda] (1)]
  1552 | D:5      | 1552 ||| READING scroll of teleportation.
  1554 | D:5      | Slain by a gnoll

Levels and vault maps discovered:
D:1:      psy_arrival_spokes, layout_loops_ring
D:2:      layout_basic
D:3:      layout_basic, mainiacjoe_overflow_paths, nicolae_ashenzari_panopticon,
          serial_shops, shop
D:5:      layout_gridville, gammafunk_ghost_gnarly_gnolls,
          nicolae_shop_fire_sale [nicolae_sub_dead_trees], minmay_fountain_box,
          palyth_stone_intersect, grunt_decor_mini_mirrors,
          amcnicky_mini_pool_small, minivault_4, kennysheep_generic_room_6

Skill      XL: |  1  2  3 |
---------------+----------+-----
Ranged Weapons | 6 7 |  7.8
Fighting       | |  1.5
Dodging        | |  2.4
Stealth        | |  1.2

Action                     |  1- 3 |  4- 6 || total
---------------------------+-------+-------++-------
   Fire: Shortbow          |    88 |    10 ||    98
    Use: Scroll            |     6 |     1 ||     7
 Armour: Leather armour    |     4 |       ||     4
         Ring mail         |     8 |     4 ||    12
  Dodge: Dodged            |    19 |     5 ||    24

Table legend:
 A = Non-vault XP
 B = Vault XP
 C = Vault XP percentage of total XP
 D = Non-vault monster count
 E = Vault monster count
 F = Vault count percentage of total count
                 A         B        C        D         E       F
            +---------+---------+-------+---------+---------+-------
      Total |     132 |       0 |   0.0 |      33 |       0 |   0.0
            +---------+---------+-------+---------+---------+-------
        D:1 |      37 |       0 |   0.0 |      21 |       0 |   0.0
        D:2 |      14 |       0 |   0.0 |       9 |       0 |   0.0
        D:3 |      81 |       0 |   0.0 |       3 |       0 |   0.0
            +---------+---------+-------+---------+---------+-------
